 Dungeon Crawl Stone Soup version 0.20-a0-214-gb74cb0e (webtiles) character file.

190 yukitheduck the Cudgeler (level 5, -5/30 HPs)
             Began as a Gargoyle Gladiator on Nov 24, 2016.
             Slain by Crazy Yiuf
             ... wielding a +3 quarterstaff of chaos
              (8 damage)
             ... on level 3 of the Dungeon on Nov 27, 2016.
             The game lasted 00:14:10 (3118 turns).

yukitheduck the Cudgeler (Gargoyle Gladiator)       Turns: 3118, Time: 00:14:10

Health: -5/30      AC:  9    Str: 20    XL:     5   Next: 69%
Magic:  0/5        EV: 12    Int:  8    God:
Gold:   154        SH:  0    Dex: 10    Spells: 4/4 levels left

rFire  . . .     SeeInvis .     a - +0 flail
rCold  + . .     Gourm    .     b - +0 leather armour
rNeg   + . .     Faith    .     (no shield)
rPois  ∞         Spirit   +     i - +0 helmet
rElec  +         Reflect  .     m - +0 cloak
rCorr  .         Harm     .     (no gloves)
MR     .....                    (no boots)
Stlth  +.........               c - amulet of guardian spirit
                                t - ring of protection from cold
                                o - ring of wizardry

@: no status effects
A: negative energy resistance 1, electricity resistance, unbreathing,
petrification resistance, rot immunity, AC +4
a: no special abilities


You were on level 3 of the Dungeon.
You were not hungry.

You visited 1 branch of the dungeon, and saw 6 of its levels.

You collected 154 gold pieces.

Inventory:

Hand Weapons
 a - a +0 flail (weapon)
Missiles
 d - 3 throwing nets (quivered)
Armour
 b - a +0 leather armour (worn)
 i - a +0 helmet (worn)
 m - a +0 cloak (worn)
Jewellery
 c - an amulet of guardian spirit (around neck)
 o - a ring of wizardry (left hand)
 t - a ring of protection from cold (right hand)
Scrolls
 e - 8 scrolls of identify
 g - 2 scrolls of amnesia
 l - 4 scrolls of remove curse
Potions
 k - a potion of haste
 n - 2 potions of agility {unknown}
 p - a potion of curing
Comestibles
 f - 4 bread rations
 h - 3 chunks of flesh
 j - a beef jerky
 s - 3 fruits


   Skills:
 - Level 2.1 Fighting
 + Level 6.2 Maces & Flails
 - Level 1.7 Throwing
 - Level 2.4 Dodging


You had 4 spell levels left.
You didn't know any spells.

Dungeon Overview and Level Annotations

Branches:
Dungeon (6/15)
 Temple: D:4-7

Altars:
Fedhas
Nemelex Xobeh

Annotations:
D:3 Crazy Yiuf
D:4 elmdor's ghost, amateur HEGl


Innate Abilities, Weirdness & Mutations

You are resistant to torment.
Your stone body is resilient. (AC +4)
You are immune to poison.
You resist negative energy. (rN+)
You are resistant to electric shocks. (rElec)
You can survive without breathing.
You are immune to petrification.
You are immune to rotting.


Message History

You feel your power leaking away.
You hit Crazy Yiuf.
Crazy Yiuf is heavily wounded.
Crazy Yiuf hits you with a quarterstaff of chaos!
Crazy Yiuf freezes you.
You hit Crazy Yiuf.
Crazy Yiuf is almost dead.
Crazy Yiuf hits you but does no damage.
You hit Crazy Yiuf.
Crazy Yiuf is almost dead.
Crazy Yiuf hits you with a quarterstaff of chaos!
* * * LOW HITPOINT WARNING * * *
You are too injured to fight recklessly!
You are too injured to fight recklessly!
You are too injured to fight recklessly!
You are too injured to fight recklessly!
You barely miss Crazy Yiuf.
Crazy Yiuf is almost dead.
Crazy Yiuf hits you with a quarterstaff of chaos!
You die...

#.#####.###.#
##.###.# #########
#...# #.# #.# #.# #.#
#........ #...###.#
#.# #.# #.# #.###....
......#.##### ### ###
### #.### ..........#
#.# ......#.### #.#
........# ####
♣♣#####.# )....######
#).)#♣♣ ♣♣.'..##.#
..(.......#
#..g@)♣♣♣♣......#.#
#.........#
#)..#♣..♣.........#
#..#####.## ####
♣♣♣)♣..'.###.# #..#
#.# ♣♣♣♣♣### #.#
########.# #.#
....#....############
#)#
....####............#
#.# ≈§..#
#.##.#######.# #.#
.≈§.####.##.#
#.#########.#


You could see Crazy Yiuf.

Vanquished Creatures
  2 hounds (D:5)
  A bullfrog skeleton (D:5)
  An adder (D:2)
  2 oozes
  4 worms
  A leopard gecko (D:3)
  6 orcs
  4 goblins
  9 hobgoblins
  4 jackals (D:3)
  3 quokkas
  8 bats
  3 frilled lizards (D:1)
  6 kobolds
  9 rats
63 creatures vanquished.

Notes
Turn   | Place    | Note
-------+----------+-------------------------------------------
     0 | D:1      | yukitheduck the Gargoyle Gladiator began the quest for the Orb.
     0 | D:1      | Reached XP level 1. HP: 12/12 MP: 1/1
    65 | D:1      | Upgraded the game from 0.20-a0-204-ge9bc5e3 to 0.20-a0-214-gb74cb0e
   177 | D:1      | Reached XP level 2. HP: 13/17 MP: 2/2
   595 | D:1      | Reached skill level 4 in Maces & Flails
   868 | D:2      | Reached XP level 3. HP: 13/21 MP: 3/3
  1501 | D:2      | Found a sparkling altar of Nemelex Xobeh.
  1673 | D:2      | Reached XP level 4. HP: 18/26 MP: 4/4
  1781 | D:2      | Reached skill level 5 in Maces & Flails
  2010 | D:3      | Found a sparkling altar of Nemelex Xobeh.
  2015 | D:3      | You fall through a shaft for 2 floors!
  2015 | D:5      | Entered Level 5 of the Dungeon
  2015 | D:5      | Noticed an ice beast
  2036 | D:5      | Noticed an ogre
  2043 | D:5      | Found a blossoming altar of Fedhas.
  2054 | D:6      | Noticed an orc warrior
  2151 | D:5      | Reached XP level 5. HP: 18/30 MP: 2/5
  2153 | D:5      | Reached skill level 6 in Maces & Flails
  2330 | D:4      | Noticed elmdor's ghost (amateur HEGl)
  2582 | D:3      | Found a runed door.
  3109 | D:3      | Noticed Crazy Yiuf
  3118 | D:3      | Slain by Crazy Yiuf

Vault maps used:
D:1:      matt_arrival_refuge
D:2:      minmay_misc_feat_diagonals, nemelex_dance_club_becter
D:3:      lemuel_crystal_altar, first_bread, kennysheep_generic_room_4,
          uniq_crazy_yiuf_cottage
D:4:      nicolae_overflow_hidden_temple, serial_shops,
          nicolae_shop_behind_doors, trog_three_pillars_becter
D:5:      lemuel_doored_altar, fedhas_altar_3, kennysheep_mini
D:6:      nicolae_qazlal_eye_of_the_storm, minivault_11,
          makhleb_heckhound_becter

Skill      XL: |  1  2  3  4  5 |
---------------+----------------+-----
Maces & Flails | 4 5 6 |  6.2
Fighting       | |  2.1
Throwing       | |  1.7
Dodging        | |  2.4

Action                   |  1- 3 |  4- 6 || total
-------------------------+-------+-------++-------
Melee: Flail             |   150 |   106 ||   256
  Use: Potion            |       |     9 ||     9
       Scroll            |       |     4 ||     4
  Eat: Chunk             |     3 |     3 ||     6
       Beef jerky        |       |     1 ||     1
Armor: Leather armour    |    60 |    84 ||   144
Dodge: Dodged            |   107 |   143 ||   250
